AoeStats
← xgandjax38

MegaRandom

510424045Analyzed
2v2 RM · 2d ago on Sep 30, 2026· 41m 49s· 4 players
Game mode
Random Map
Map size
Medium (4 player)
Population
200
Speed
Normal
Resources
Standard
Victory
Conquest
Starting age
Dark Age
Ending age
Imperial Age
RankedLock teamsTeams togetherTeam positionsShared explorationLock speedFull tech treeHidden civsTurbo modeCheats
Victory
Defeat
🇫🇷 Persians · France
527
+22
🇫🇷 Khmer · France
289
+26
🇧🇷 Lithuanians · Brazil
556
-22
🇺🇸 Poles · United States
483
-20
TheFoustAffectTTV
10:20 Feudal Age
PUD
0:32 Loom
11:57 Feudal Age
14:11 Wheelbarrow
14:03 Gold Mining
14:00 Double-Bit Axe
13:59 Horse Collar
15:45 Town Watch
16:10 Stone Mining
22:07 Castle Age
20:30 Arson
21:13 Forging
23:32 Hand Cart
23:42 Squires
23:47 Scale Mail Armor
24:23 Iron Casting
23:53 Scale Barding Armor
23:51 Padded Archer Armor
23:43 Crossbowman
28:12 Thumb Ring
30:12 Fletching
30:38 Leather Archer Armor
31:39 Chain Mail Armor
32:59 Stone Shaft Mining
32:46 Bodkin Arrow
35:25 Bow Saw
37:04 Heavy Plow
38:02 Husbandry
38:12 Bloodlines
37:31 Elite Skirmisher
38:57 Murder Holes
xgandjax38
1:16 Loom
12:58 Feudal Age
14:18 Wheelbarrow
13:30 Town Watch
14:07 Horse Collar
17:40 Double-Bit Axe
18:03 Man-at-Arms
20:17 Wheelbarrow
20:51 Arson
23:25 Castle Age
22:00 Gold Mining
29:44 Tusk Swords
Anju3784
10:22 Feudal Age
14:15 Wheelbarrow
17:23 Double-Bit Axe
18:28 Horse Collar
25:23 Castle Age
26:37 Heavy Plow
28:25 Gold Mining
28:26 Stone Mining
31:53 Hand Cart
32:34 Gold Shaft Mining
32:35 Stone Shaft Mining
35:46 Imperial Age
34:38 Bow Saw
35:23 Scale Barding Armor
35:37 Forging
36:05 Elite War Elephant
38:23 Crop Rotation
39:07 Two-Man Saw
Connection lost

Rejoining the realm…

Still unreachable

The connection could not be restored.

Session expired

The server has moved on; the page needs a fresh start.